 Dungeon Crawl Stone Soup version 0.29.1-1-gd02db6906a (webtiles) character file.

Game seed: 8494563516279231202

32 MisterFreud the Twirler (level 3, 0/27 HPs)
             Began as a Formicid Gladiator on Oct 21, 2022.
             Slain by Sigmund
             ... wielding a +3 scythe
              (12 damage)
             ... on level 2 of the Dungeon.
             The game lasted 00:00:47 (963 turns).

MisterFreud the Twirler (Formicid Gladiator)         Turns: 963, Time: 00:00:47

Health: 0/27       AC:  3    Str: 20    XL:     3   Next: 45%
Magic:  3/3        EV: 12    Int:  7    God:
Gold:   85         SH:  0    Dex: 15    Spells: 2/2 levels left

rFire   . . .      SeeInvis +   a - +0 quarterstaff
rCold   . . .      Faith    .   (no shield)
rNeg    . . .      Spirit   .   b - +0 leather armour
rPois   .          Reflect  .   (helmet unavailable)
rElec   .          Harm     .   (no cloak)
rCorr   .          Rampage  .   (no gloves)
Will    .....                   (no boots)
Stlth   +.........              (no amulet)
HPRegen 0.09/turn               (no ring)
MPRegen 0.08/turn               (no ring)

@: no status effects
A: permanent stasis, dig shafts and tunnels, antennae 3, four strong arms
a: Dig, Shaft Self


You were on level 2 of the Dungeon.
You visited 1 branch of the dungeon, and saw 2 of its levels.

You collected 85 gold pieces.

Inventory:

Hand Weapons
 a - a +0 quarterstaff (weapon)
Missiles
 c - 3 throwing nets (quivered)
 d - a javelin
Armour
 b - a +0 leather armour (worn)
Scrolls
 i - a scroll of identify {unknown}
Potions
 e - 2 potions of curing {unknown}
 f - a potion of might {unknown}
 g - a potion of flight {unknown}
 h - a potion of cancellation {unknown}


   Skills:
 - Level 2.1 Fighting
 + Level 4.3 Staves
 - Level 2.0 Throwing
 - Level 2.6 Dodging


You had 2 spell levels left.
You didn't know any spells.
Your spell library was empty.

Dungeon Overview and Level Annotations

Branches:
Dungeon (2/15)

Altars:

Shops:
D:1 (

Annotations:
D:2 Sigmund


Innate Abilities, Weirdness & Mutations

You cannot be hasted, slowed, berserked, paralysed or teleported.
You can dig through walls and to a lower floor.
You have a pair of large antennae on your head. (SInv)
Your four strong arms can wield two-handed weapons with a shield.


Message History

You sock the jackal!
You kill the jackal!
The jackal bites you but does no damage.
The jackal barely misses you.
A jackal is nearby!
You sock the jackal!
You kill the jackal!
You see here a jackal corpse.
Sigmund the Dreaded comes into view.
He is wielding a +3 scythe.
Sigmund gestures at you while chanting. The puff of flame misses you.
Sigmund is nearby!
Sigmund is nearby!
Sigmund screams, "Only death can liberate you!"
Sigmund hits you but does no damage.
You sock Sigmund!
Sigmund is moderately wounded.
Sigmund hits you with a +3 scythe.
You closely miss Sigmund.
Sigmund is moderately wounded.
Sigmund hits you with a +3 scythe!
You are too injured to fight recklessly!
You barely miss Sigmund.
Sigmund is moderately wounded.
You barely miss Sigmund.
Sigmund is moderately wounded.
Sigmund misses you.
You are too injured to fight recklessly!
You completely miss Sigmund.
Sigmund is moderately wounded.
Sigmund barely misses you.
You closely miss Sigmund.
Sigmund is moderately wounded.
Sigmund misses you.
You hit Sigmund.
Sigmund is heavily wounded.
You hit Sigmund.
Sigmund is severely wounded.
Sigmund hits you with a +3 scythe!
You die...

###### ########....#
#..>.....##.### ##
#.########..†.# .#####
#.# #.....#.#.# .....#
#.###.###.###.# .#...
#...#.# #.....#
.#.#######.#.###########
................@@.....#
.#.#######.#.#########.#
.#............#
.#########.#..# ..
...#..# ## ##.....#
.....## ##.#### #.


You could see Sigmund.

Vanquished Creatures
  A dart slug (D:2)
  4 ball pythons (D:1)
  An endoplasm (D:1)
  2 giant cockroaches
  2 goblins (D:1)
  3 hobgoblins (D:1)
  3 jackals (D:2)
  2 quokkas (D:1)
  2 bats
  2 frilled lizards (D:1)
  2 kobolds (D:1)
  4 rats (D:1)
28 creatures vanquished.

Notes
Turn   | Place    | Note
-------+----------+-------------------------------------------
     0 | D:1      | MisterFreud the Formicid Gladiator began the quest for the
                  | Orb.
     0 | D:1      | Reached XP level 1. HP: 16/16 MP: 1/1
   153 | D:1      | Reached XP level 2. HP: 22/22 MP: 2/2
   259 | D:1      | Found Wideteos's Weapon Emporium.
   519 | D:1      | Reached skill level 4 in Staves
   519 | D:1      | Reached XP level 3. HP: 27/27 MP: 3/3
   696 | D:1      | Found a faded altar of an unknown god.
   951 | D:2      | Noticed Sigmund
   963 | D:2      | Slain by Sigmund

Illustrated notes

Levels and vault maps discovered:
D:1:      minmay_arrival_nine_rooms, layout_basic,
          hellmonk_ecumenical_altar_inner_sanctum, serial_shops,
          nicolae_diamond_shop
D:2:      layout_basic, basic_altar, kennysheep_generic_room_9, uniq_sigmund

Skill      XL: |  1  2 |
---------------+-------+-----
Staves         | 4 |  4.3
Fighting       | |  2.1
Throwing       | |  2.0
Dodging        | |  2.6

Action                   || total
-------------------------++-------
Melee: Quarterstaff      ||    54
 Stab: Sleeping          ||     1
Armor: Leather armour    ||    13
Dodge: Dodged            ||    34
